 Dungeon Sprint DCSS version 0.23.0 (webtiles) character file.

Game seed: 1056719940110104387

10 Kairos the Shield-Bearer (level 2, 0/21 (25) HPs)
             Began as a Formicid Fighter on Feb 12, 2019.
             Slain by a necrophage (5 damage)
             ... in the Dungeon (Sprint II: "The Violet Keep of Menkaure").
             The game lasted 00:00:43 (460 turns).

Kairos the Shield-Bearer (Formicid Fighter)          Turns: 460, Time: 00:00:44

HP:   0/21 (25)     AC:  7    Str: 20    XL:     2   Next: 30%
MP:   2/2           EV:  8    Int:  7    God:
Gold: 243           SH:  9    Dex: 10    Spells: 1/1 levels left

rFire    . . .     SeeInvis +   a - +0 quarterstaff
rCold    . . .     Gourm    .   c - +0 shield
rNeg     . . .     Faith    .   b - +0 scale mail
rPois    .         Spirit   .   (helmet unavailable)
rElec    .         Reflect  .   (no cloak)
rCorr    .         Harm     .   (no gloves)
MR       .....                  (no boots)
Stlth    ..........             (no amulet)
HPRegen  0.00/turn              (no ring)
MPRegen  0.08/turn              (no ring)

@: non-regenerating, badly diseased
A: permanent stasis, dig shafts and tunnels, four strong arms, antennae 3
a: Dig


You were in the Dungeon.
You were not hungry.

You visited 1 branch You collected 243 gold pieces.

Inventory:

Hand Weapons
 a - a +0 quarterstaff (weapon)
Armour
 b - a +0 scale mail (worn)
 c - a +0 shield (worn)
Scrolls
 k - a scroll of blinking
Potions
 d - a potion of might
 e - a potion of curing
 g - a potion of heal wounds
 h - a potion of haste
 i - 2 potions of magic
 j - a potion of berserk rage
Comestibles
 f - a ration


   Skills:
 + Level 4.1 Fighting
 + Level 2.8 Staves
 + Level 4.0 Armour
 + Level 4.4 Shields


You had one spell level left.
You didn't know any spells.
Your spell library was empty.

Dungeon Overview and Level Annotations

Branches:
Dungeon (1/1)

Altars:


Innate Abilities, Weirdness & Mutations

You cannot be hasted, slowed, berserked, paralysed or teleported.
You can dig through walls and to a lower floor.
Your four strong arms can wield two-handed weapons with a shield.
You have a pair of large antennae on your head. (SInv)


Message History

The necrophage closely misses you. The necrophage hits you.
You feel your flesh rotting away!
You sock the necrophage!
The necrophage is heavily damaged.
You block the necrophage's attack.
You closely miss the necrophage.
The necrophage is heavily damaged.
The necrophage closely misses you.
You closely miss the necrophage.
The necrophage is heavily damaged.
The necrophage hits you.
* * * LOW HITPOINT WARNING * * *
You feel ill.
You feel your flesh rotting away!
You closely miss the necrophage.
The necrophage is heavily damaged.
You block the necrophage's attack.
You closely miss the necrophage.
The necrophage is heavily damaged.
The necrophage barely misses you. The necrophage hits you.
You die...

#≈≈#+++#+++##
≈≈≈.........#{
{##+# { ##.#.#
#..##.# #
##..### # ##.
##'# .##
#.nn##.##{w.#
#n@<.+#
#..n##.##{.w#
##. #+# .## #
{ # { {{ {


You could see 4 necrophages.

Vanquished Creatures
  3 worms (D)
3 creatures vanquished.

Vanquished Creatures (others)
  A crocodile (D)
1 creature vanquished.

Grand Total: 4 creatures vanquished

Notes
Turn   | Place    | Note
-------+----------+-------------------------------------------
     0 | D        | Kairos the Formicid Fighter began the quest for the Orb.
     0 | D        | Reached XP level 1. HP: 18/18 MP: 1/1
    21 | D        | Reached XP level 2. HP: 14/25 MP: 2/2
    25 | D        | Killed a crocodile
   161 | D        | Noticed a flying skull
   161 | D        | Noticed a flying skull
   161 | D        | Noticed a flying skull
   162 | D        | Noticed a flying skull
   162 | D        | Noticed a flying skull
   162 | D        | Noticed a flying skull
   163 | D        | Noticed a flying skull
   163 | D        | Noticed a flying skull
   163 | D        | Noticed a flying skull
   163 | D        | Noticed a flying skull
   164 | D        | Noticed a flying skull
   169 | D        | Noticed a flying skull
   444 | D        | Noticed a tyrant leech
   444 | D        | Noticed a tyrant leech
   448 | D        | Noticed a necrophage
   448 | D        | Noticed a necrophage
   448 | D        | Noticed a necrophage
   448 | D        | Noticed a necrophage
   460 | D        | Slain by a necrophage

Skill      XL: |  1  2 |
---------------+-------+-----
Shields        | 4 |  4.4
Fighting       | 4 |  4.1
Armour         | 4 |  4.0
Staves         | |  2.8

Action                   || total
-------------------------++-------
Melee: Quarterstaff      ||    31
Armor: Scale mail        ||     2
Dodge: Dodged            ||     5
Block: Shield            ||     9
